Map: Stargazers

Players

Zoun - Winner!

  • Race: Protoss Protoss
  • Spawn Location: 1:00

Reynor

  • Race: Zerg Zerg
  • League: Master
  • Spawn Location: 11:00

Event: HomeStory Cup XXII

VOD

Have the link to the VOD?

Description

Time

  • Played on: Dec. 18, 2022, 7:34 a.m.
  • Length: 10:14

All games in this series

Show
View Real Time Build Order
Export as new Build Order

Zoun Protoss - Winner!

Build Orders:  

Get SALT Encoding   

  12  0:00  Probe  
  13  0:12  Probe  
  14  0:17  Pylon  
  14  0:24  Probe (Chrono Boost)  
  15  0:36  Probe (Chrono Boost)  
  15  0:37  Gateway  
  16  0:45  Probe (Chrono Boost)  
  16  0:46  Assimilator  
  17  0:51  Probe  
  18  1:03  Probe  
  19  1:15  Probe  
  20  1:24  Cybernetics Core  
  20  1:26  Gateway  
  20  1:27  Zealot  
  20  1:32  Pylon  
  22  1:40  Probe  
  23  2:00  Adept (Chrono Boost)  
  25  2:02  Shield Battery  
  25  2:03  Shield Battery  
  25  2:04  Warp Gate (Chrono Boost)  
  27  2:15  Adept (Chrono Boost)  
  27  2:22  Pylon  
  29  2:24  Adept (Chrono Boost)  
  29  2:35  Adept  
  31  2:38  Assimilator  
  31  2:49  Shield Battery  
  31  2:56  Probe  
  32  3:01  Adept  
  32  3:08  Probe  
  33  3:15  Adept  
  33  3:18  Assimilator  
  35  3:20  Pylon  
  35  3:50  Nexus  
  35  3:52  Adept  
  37  3:57  Probe  
  38  4:03  Adept  
  40  4:13  Stargate  
  40  4:19  Probe  
  41  4:24  Pylon  
  41  4:31  Probe  
  42  4:43  Probe  
  41  4:54  Oracle (Chrono Boost)  
  41  4:55  Twilight Council, Probe  
  45  5:03  Probe  
  46  5:08  Probe  
  47  5:15  Probe  
  47  5:17  Gateway  
  47  5:20  Probe  
  49  5:22  Resonating Glaives (Chrono Boost)  
  49  5:25  Gateway  
  49  5:27  Probe  
  50  5:32  Probe  
  51  5:39  Probe  
  51  5:41  Pylon  
  52  5:44  Adept, Probe  
  52  5:46  Adept  
  57  5:51  Probe  
  57  5:56  Probe, Pylon  
  59  6:04  Pylon  
  59  6:07  Adept x2  
  63  6:14  Adept  
  65  6:19  Adept  
  67  6:26  Probe  
  67  6:27  Probe  
  67  6:31  Adept x2  
  73  6:35  Adept  
  73  6:37  Assimilator  
  73  6:39  Probe, Assimilator  
  76  6:43  Adept  
  76  6:49  Probe  
  76  6:51  Probe  
  78  6:55  Robotics Facility  
  75  7:08  Probe x2  
  76  7:17  Forge  
  76  7:20  Probe x2  
  76  7:22  Nexus  
  78  7:24  Pylon  
  72  7:32  Probe x2  
  72  7:35  Adept x3  
  74  7:39  Protoss Ground Weapons Level 1 (Chrono Boost)  
  74  7:44  Probe  
  74  7:45  Shield Battery, Probe  
  74  7:49  Observer  
  77  7:57  Probe x2  
  79  8:09  Probe x2  
  79  8:10  Charge (Chrono Boost)  
  81  8:18  Pylon  
  81  8:20  Gateway  
  81  8:21  Probe x2  
  81  8:22  Templar Archives  
  81  8:23  Gateway  
  83  8:27  Assimilator x2  
  83  8:33  Gateway, Probe x2  
  79  8:34  Pylon  
  79  8:37  Warp Prism  
  81  8:49  Gateway x2  
  81  8:53  Gateway  
  81  9:01  Pylon  
  81  9:03  High Templar x4  
  81  9:07  Archon  
  81  9:08  Archon, Photon Cannon, Pylon  
  89  9:18  High Templar x2  
  89  9:21  Photon Cannon  
  89  9:22  Observer  
  89  9:23  Gateway  
  93  9:25  Archon  
  93  9:32  Zealot  
  95  9:40  Zealot x4  
  103  9:49  High Templar x2  
  107  9:53  Archon  
  107  9:55  Zealot x3  
  111  10:03  Zealot x4  
Show
View Real Time Build Order
Export as new Build Order

Reynor Zerg 

Build Orders: Pool First 

Get SALT Encoding   

  12  0:06  Extractor  
  11  0:20  Spawning Pool  
  10  0:24  Drone  
  11  0:29  Drone  
  12  0:39  Drone  
  13  0:44  Drone  
  14  0:55  Overlord  
  14  1:07  Metabolic Boost  
  14  1:15  Zergling x4  
  16  1:22  Zergling x2  
  17  1:29  Zergling x2  
  18  1:40  Zergling x2  
  19  1:51  Zergling x2  
  20  2:01  Zergling x2  
  21  2:13  Zergling x2  
  21  2:35  Hatchery  
  20  2:37  Zergling x4  
  22  2:56  Zergling x4  
  20  3:06  Queen, Overlord  
  19  3:18  Drone  
  20  3:27  Drone  
  21  3:38  Drone  
  22  3:41  Queen  
  24  3:49  Drone x2  
  24  3:52  Queen  
  28  3:57  Drone  
  28  3:59  Drone  
  30  4:09  Drone x2  
  32  4:17  Zergling x6  
  33  4:21  Zergling x2  
  34  4:25  Zergling x2  
  34  4:30  Overlord  
  35  4:42  Overlord  
  35  4:46  Drone  
  35  4:49  Zergling x2  
  35  4:50  Queen  
  35  4:51  Drone x3  
  42  4:53  Zergling x2  
  43  5:01  Drone x4  
  43  5:04  Drone  
  47  5:15  Drone, Hatchery  
  47  5:20  Overlord  
  47  5:21  Drone  
  47  5:26  Drone  
  49  5:32  Drone  
  49  5:33  Drone  
  49  5:34  Roach Warren  
  50  5:36  Drone  
  50  5:38  Drone  
  52  5:44  Spore Crawler, Drone  
  52  5:46  Drone x2  
  52  5:49  Evolution Chamber  
  54  5:56  Drone x3, Overlord  
  57  6:02  Drone x2  
  59  6:04  Overlord  
  59  6:05  Spore Crawler  
  59  6:07  Drone  
  58  6:11  Drone  
  58  6:15  Queen, Zerg Melee Weapons Level 1  
  61  6:27  Baneling Nest, Drone x3  
  61  6:28  Drone  
  61  6:31  Extractor  
  61  6:32  Drone x3  
  66  6:33  Queen  
  66  6:38  Spore Crawler  
  67  6:43  Queen  
  67  6:46  Zergling x2  
  67  6:47  Zergling x6  
  71  6:49  Zergling x4  
  71  6:52  Evolution Chamber  
  72  6:57  Evolution Chamber  
  72  7:00  Zergling x10  
  75  7:04  Zergling x2  
  75  7:07  Zergling x6  
  72  7:12  Zergling x2  
  72  7:13  Zergling x2  
  71  7:19  Zergling x6  
  74  7:22  Zergling x2  
  74  7:29  Zergling x2  
  67  7:30  Zergling x2  
  67  7:34  Zergling x2  
  61  7:39  Drone  
  61  7:40  Drone x3  
  63  7:47  Drone x3  
  63  7:50  Drone  
  67  7:58  Zergling x6  
  68  8:02  Evolution Chamber  
  66  8:08  Zergling x8  
  66  8:11  Lair  
  66  8:12  Drone  
  71  8:14  Overlord  
  71  8:16  Drone  
  71  8:17  Drone  
  71  8:19  Drone  
  74  8:22  Drone x3  
  78  8:27  Evolution Chamber  
  78  8:30  Drone x5  
  78  8:33  Drone x2  
  84  8:39  Drone x3  
  87  8:41  Extractor  
  87  8:44  Drone x2  
  87  8:45  Roach Warren  
  87  8:46  Drone  
  88  8:49  Extractor  
  87  8:57  Drone x3  
  89  9:02  Drone  
  89  9:04  Extractor x2  
  89  9:05  Overlord x2  
  89  9:06  Hatchery  
  89  9:08  Drone x2  
  88  9:13  Overlord  
  88  9:18  Overlord  
  88  9:21  Drone  
  88  9:24  Drone x6  
  92  9:25  Overseer  
  92  9:29  Drone x2  
  99  9:31  Drone x3  
  99  9:36  Roach  
  102  9:41  Roach x4  
  102  9:42  Roach  
  114  9:47  Roach x3  
  114  9:48  Overlord  
  114  9:50  Baneling x3  
  114  9:51  Baneling x2  
  120  9:56  Overlord  
Tags
 
League
Master
Matchup
PvZ
Opening
Pool First
Replay Pack
hsc22
Spawn Locations
Close Positions
Add a new tag
Caveats
  • Supply blocks, unpowered buildings, or Contaminate may cause inaccurate times.
  • Supply counts are checked every 10 seconds.